 Dungeon Crawl Stone Soup version 0.31.0-4-g52a2dc7128 (webtiles) character file.

Game seed: 5291381777669565194

9428 browni3141 the Grappler (level 11, 0/105 HPs)
             Began as a Troll Enchanter on Jan 23, 2024.
             Was a High Priest of Cheibriados.
             Slain by an orc warrior
             ... wielding a +0 trident
              (14 damage)
             ... on level 9 of the Dungeon.
             The game lasted 00:09:59 (7534 turns).

browni3141 the Grappler (Troll Enchanter)           Turns: 7534, Time: 00:10:00

Health: 0/105      AC:  5    Str: 36    XL:     11   Next: 22%
Magic:  16/16      EV: 12    Int: 25    God:    Cheibriados [*****.]
Gold:   497        SH:  5    Dex: 30    Spells: 12/12 levels left

rFire   . .          .
                       - Unarmed
rCold   . . .        (no shield)
rNeg    . . .        b - +0 robe
rPois   .            (helmet restricted)
rElec   .            B - +0 cloak
rCorr   .            (gloves unavailable)
SInv    .            (boots unavailable)
Will    .....        C - amulet of reflection
Stlth   +++          U - +4 ring of slaying
HPRegen 1.17/turn    F - +6 ring of dexterity
MPRegen 0.15/turn

%: reflection
@: studying Conjurations, very slow
A: large, unfitting armour, claws 3, regeneration 1, shaggy fur 1, tough skin 1
a: Renounce Religion, Bend Time, Temporal Distortion, Slouch, Step From Time


You were on level 9 of the Dungeon.
You worshipped Cheibriados.
Cheibriados was extremely pleased with you.
You visited 2 branches of the dungeon, and saw 11 of its levels.

You collected 497 gold pieces.

Inventory:

Hand Weapons
 u - a +1 heavy mace
Missiles
 v - 10 javelins
 D - 17 poisoned darts
 J - a curare-tipped dart
 T - 3 boomerangs (quivered)
 Z - 3 large rocks
Armour
 b - a +0 robe (worn)
 B - a +0 cloak (worn)
Jewellery
 z - a +6 ring of strength
 C - an amulet of reflection (around neck)
 F - a +6 ring of dexterity (right claw)
 U - a +4 ring of slaying (left claw)
Wands
 y - a wand of quicksilver (9)
 I - a wand of mindburst (10)
 V - a wand of flame (33)
Scrolls
 j - a scroll of revelation {unknown}
 l - 7 scrolls of teleportation {unknown}
 m - 2 scrolls of fog {unknown}
 w - a scroll of vulnerability {unknown}
 x - a scroll of noise {unknown}
 A - a scroll of enchant armour {unknown}
 L - 2 scrolls of enchant weapon {unknown}
 N - a scroll of poison {unknown}
 O - 9 scrolls of identify {unknown}
 Q - a scroll of torment {unknown}
 S - 2 scrolls of silence {unknown}
 X - 3 scrolls of fear {unknown}
 Y - a scroll of butterflies {unknown}
Potions
 i - 3 potions of invisibility
 k - 6 potions of curing {unknown}
 E - a potion of cancellation {unknown}
 G - a potion of resistance {unknown}
 H - a potion of lignification {unknown}
 K - 2 potions of brilliance {unknown}
 M - a potion of haste {unknown}
 P - 2 potions of mutation {unknown}
 R - 3 potions of heal wounds {unknown}
 W - a potion of degeneration {unknown}


   Skills:
 + Level 6.3 Fighting
 - Level 0.7 Short Blades
 - Level 5.0 Throwing
 - Level 3.0 Dodging
 - Level 1.5 Stealth
 * Level 10.7 Unarmed Combat
 - Level 1.2 Spellcasting
 - Level 2.0 Hexes
 * Level 8.1 Invocations
 - Level 3.0 Evocations


You had 12 spell levels left.
You didn't know any spells.
Your spell library contained the following spells:

 Spells                   Type           Power      Damage    Failure   Level
 Jinxbite                 Hex            22%        N/A       9%          2
 Apportation              Tloc           2%         N/A       12%         1
 Magic Dart               Conj           4%         1d3       12%         1
 Ensorcelled Hibernation  Hex/Ice        12%        N/A       12%         2
 Confusing Touch          Hex            11%        N/A       16%         3
 Sigil of Binding         Hex            11%        N/A       16%         3
 Tukima's Dance           Hex            11%        N/A       16%         3
 Mercury Vapours          Alch/Air       2%         N/A       19%         2
 Scorch                   Fire           2%         2d5       19%         2
 Searing Ray              Conj           2%         2d4       19%         2
 Dazzling Flash           Conj/Hex       12%        N/A       24%         3
 Call Canine Familiar     Summ           1%         N/A       36%         3
 Mephitic Cloud           Conj/Alch/Air  1%         N/A       36%         3
 Dimensional Bullseye     Hex/Tloc       3%         N/A       63%         4
 Animate Armour           Summ/Erth      2%         N/A       77%         4
 Flame Wave               Conj/Fire      1%         2d4       77%         4
 Fulminant Prism          Conj/Alch      0%         3d5       77%         4
 Martyr's Knell           Necr/Summ      1%         N/A       77%         4
 Summon Lightning Spire   Summ/Air       1%         N/A       77%         4
 Silence                  Hex/Air        3%         N/A       92%         5
 Alistair's Intoxication  Alch           0%         N/A       98%         5
 Freezing Cloud           Conj/Ice/Air   0%         6-21      98%         5
 Lee's Rapid Deconstruct  Erth           0%         3d4*      98%         5
 Summon Cactus Giant      Summ           0%         N/A       100%        6
 Enfeeble                 Hex            5%         N/A       100%        7


Dungeon Overview and Level Annotations

Branches:
Dungeon (10/15)            Temple (1/1) D:4             Orc (0/2) D:9
   Lair: D:8-11

Altars:
Ashenzari
Cheibriados
Dithmenos
Elyvilon
Fedhas
Gozag
Kikubaaqudgha
Makhleb
Nemelex Xobeh
Okawaru
Ru
Sif Muna
Trog
Uskayaw
Vehumet
Wu Jian
Xom
Yredelemnul
Zin
The Shining One

Annotations:
D:5 4 transporters, Menkaure; SuperJoe's ghost, novice KoRe


Innate Abilities, Weirdness & Mutations

You are too large for most types of armour.
You have claws for hands.
Your natural rate of healing is unusually fast.
You are covered in fur. (AC +1)
You have tough skin. (AC +1)


Message History

Throw: 3 boomerangs
Press: ? - help, Q - select action, (/) - cycle Shift-Dir - straight line, f - gnoll sergeant
Aim: a gnoll sergeant, wielding a +0 trident and wearing a +0 scale mail (77% to hit)
You throw a boomerang. The boomerang hits the gnoll sergeant!!
The gnoll sergeant is severely wounded.
The gnoll sergeant hits you from afar with a +0 trident!
* * * LOW HITPOINT WARNING * * *
Throw: 3 boomerangs
Press: ? - help, Q - select action, (/) - cycle Shift-Dir - straight line, f/p - gnoll sergeant
Aim: a gnoll sergeant, wielding a +0 trident and wearing a +0 scale mail (severely wounded, 77% to hit)
You throw a boomerang.
The boomerang barely misses the gnoll sergeant.
The boomerang hits the orc!
You kill the orc!
Cheibriados appreciates the change of pace.
Cheibriados raises the support of your attributes as your movement slows.
The gnoll sergeant hits you but does no damage.
Throw: 3 boomerangs
Press: ? - help, Q - select action, (/) - cycle Shift-Dir - straight line, f/p - gnoll sergeant
Aim: a gnoll sergeant, wielding a +0 trident and wearing a +0 scale mail (severely wounded, 78% to hit)
You throw a boomerang.
The boomerang completely misses the gnoll sergeant.
The boomerang hits the orc warrior.
The orc warrior is moderately wounded.
The gnoll sergeant hits you from afar with a +0 trident!
* * * LOW HITPOINT WARNING * * *
Throw: 3 boomerangs
Press: ? - help, Q - select action, (/) - cycle Shift-Dir - straight line, f/p - gnoll sergeant
Aim: a gnoll sergeant, wielding a +0 trident and wearing a +0 scale mail (severely wounded, 78% to hit)
You throw a boomerang.
The boomerang hits the gnoll sergeant but does no damage.
The gnoll sergeant is severely wounded.
The gnoll sergeant closely misses you.
Throw: 3 boomerangs
Press: ? - help, Q - select action, (/) - cycle Shift-Dir - straight line, f/p - gnoll sergeant
Aim: a gnoll sergeant, wielding a +0 trident and wearing a +0 scale mail (severely wounded, 78% to hit)
You throw a boomerang. The boomerang hits the gnoll sergeant!!
You kill the gnoll sergeant!
Cheibriados appreciates the change of pace.
Throw: 3 boomerangs
Press: ? - help, Q - select action, (/) - cycle Shift-Dir - straight line, f - orc
Aim: an orc, wielding a +2 flail of holy wrath (73% to hit)
You throw a boomerang. The boomerang barely misses the orc.
The boomerang completely misses the orc warrior.
You mangle the orc!!
You kill the orc!
Cheibriados appreciates the change of pace.
You scratch the orc.
The orc is heavily wounded.
The orc hits you with a +0 short sword.
* * * LOW HITPOINT WARNING * * *
You block the orc warrior's attack.
You scratch the orc.
You kill the orc!
Cheibriados appreciates the change of pace.
Throw: 3 boomerangs
Press: ? - help, Q - select action, (/) - cycle Shift-Dir - straight line, f - orc warrior
Aim: an orc warrior, wielding a +0 trident and wearing a +0 chain mail (lightly wounded, 70% to hit)
You throw a boomerang. The boomerang hits the orc warrior.
The orc warrior is moderately wounded.
The orc warrior hits you from afar with a +0 trident!
* * * LOW HITPOINT WARNING * * *
Throw: 3 boomerangs
Press: ? - help, Q - select action, (/) - cycle Shift-Dir - straight line, f/p - orc warrior
Aim: an orc warrior, wielding a +0 trident and wearing a +0 chain mail (moderately wounded, 70% to hit)
You throw a boomerang. The boomerang hits the orc warrior.
The orc warrior is moderately wounded.
You block the orc warrior's attack.
Throw: 3 boomerangs
Press: ? - help, Q - select action, (/) - cycle Shift-Dir - straight line, f/p - orc warrior
Aim: an orc warrior, wielding a +0 trident and wearing a +0 chain mail (moderately wounded, 70% to hit)
You throw a boomerang. The boomerang hits the orc warrior.
The orc warrior is heavily wounded.
The orc warrior hits you from afar with a +0 trident.
* * * LOW HITPOINT WARNING * * *
You block the orc warrior's attack.
Throw: 3 boomerangs
Press: ? - help, Q - select action, (/) - cycle Shift-Dir - straight line, f/p - orc warrior
Aim: an orc warrior, wielding a +0 trident and wearing a +0 chain mail (heavily wounded, 70% to hit)
You throw a boomerang.
The boomerang hits the orc warrior but does no damage.
The orc warrior is heavily wounded.
The orc warrior hits you but does no damage.
Throw: 3 boomerangs
Press: ? - help, Q - select action, (/) - cycle Shift-Dir - straight line, f/p - orc warrior
Aim: an orc warrior, wielding a +0 trident and wearing a +0 chain mail (heavily wounded, 70% to hit)
You throw a boomerang.
The boomerang closely misses the orc warrior.
The boomerang hits the orc!
You kill the orc!
Cheibriados appreciates the change of pace.
The orc warrior hits you from afar with a +0 trident!
* * * LOW HITPOINT WARNING * * *
Throw: 3 boomerangs
Press: ? - help, Q - select action, (/) - cycle Shift-Dir - straight line, f/p - orc warrior
Aim: an orc warrior, wielding a +0 trident and wearing a +0 chain mail (heavily wounded, 70% to hit)
You throw a boomerang. The boomerang hits the orc warrior!
The orc warrior is almost dead.
The orc warrior hits you from afar with a +0 trident!
You die... ##.######### ... ...........+ ... ##.######### #.# ##### #.# #.#8o.$8# #.### #.#.oTo.# #...# #o'.Ooo.# ####'## #o#.oOo.# ......# #)# Ooo8#

......# ####@#######
......# #........#
......# #........#
......#######........#
......'.....†........#
......#######........#
###'### #........#
##..# ######.### #..##
.#


You could see an orc warrior and an orc.

Vanquished Creatures
  The ghost of pigah the Mimic, a journeyman OpSh of Gozag (D:10)
  Pikel (D:9)
  A deep elf pyromancer (D:9)
  Joseph (D:7)
  2 trolls
  2 hornets
  2 wyverns (D:9)
  A ynoxinul (D:10)
  10 yaks
  4 vampire mosquitoes (D:10)
  A steam dragon (D:9)
  An acid dragon (D:8)
  2 water moccasins
  Edmund (D:6)
  A sky beast (D:7)
  4 orc warriors
  A black bear (D:6)
  7 ogres
  7 centaurs
  2 lemures (D:9)
  A bullfrog (D:9)
  A gnoll sergeant (D:9)
  2 kobold brigands
  3 scorpions (D:5)
  13 wights
  3 howler monkeys
  4 bombardier beetles
  2 hounds (D:5)
  3 orc priests
  A gnoll bouda (D:5)
  3 jellies
  Crazy Yiuf (D:7)
  4 iguanas
  5 orc wizards
  9 gnolls
  2 adders
  2 shadow imps (D:5)
  6 white imps
  A ribbon worm (D:4)
  3 dart slugs
  28 orcs
  9 ball pythons
  6 endoplasms
  2 giant cockroaches
  9 goblins
  6 hobgoblins
  16 kobolds
  5 quokkas
  3 bats (D:1)
  4 frilled lizards
  3 rats (D:2)
212 creatures vanquished.

Notes
Turn   | Place    | Note
-------+----------+-------------------------------------------
     0 | D:1      | browni3141 the Troll Enchanter began the quest for the Orb.
     0 | D:1      | Reached XP level 1. HP: 16/16 MP: 1/1
   108 | D:1      | Reached skill level 1 in Unarmed Combat
   136 | D:1      | Reached XP level 2. HP: 26/26 MP: 2/2
   243 | D:1      | Reached skill level 2 in Unarmed Combat
   314 | D:1      | Reached XP level 3. HP: 33/33 MP: 3/3
   804 | D:2      | Identified the +9 mace of Gozag, Building {distort, rElec
                  | rF+}
  1150 | D:2      | Found a faded altar of an unknown god.
  1327 | D:2      | Prayed at the altar of an unknown god.
  1327 | D:2      | Became a worshipper of Cheibriados the Contemplative
  1327 | D:2      | Reached * piety under Cheibriados
  1466 | D:3      | Reached skill level 3 in Unarmed Combat
  1466 | D:3      | Reached XP level 4. HP: 41/41 MP: 4/4
  1535 | D:3      | Found a glowing golden altar of the Shining One.
  1982 | D:3      | Reached XP level 5. HP: 18/45 MP: 5/5
  2040 | D:4      | Reached ** piety under Cheibriados
  2269 | D:4      | Found a staircase to the Ecumenical Temple.
  2498 | D:4      | Reached skill level 4 in Unarmed Combat
  2498 | D:4      | Reached XP level 6. HP: 47/57 MP: 6/6
  2530 | D:4      | Found a shadowy altar of Dithmenos.
  2829 | Temple   | Entered the Ecumenical Temple
  2868 | D:5      | Entered Level 5 of the Dungeon
  2939 | D:5      | Found a transporter.
  2945 | D:5      | Found a transporter.
  2960 | D:5      | Reached skill level 3 in Throwing
  2975 | D:5      | Found a transporter.
  2977 | D:5      | Found a transporter.
  3002 | D:5      | Noticed SuperJoe's ghost (novice KoRe)
  3020 | D:5      | Noticed a hornet
  3053 | D:5      | Found an iron altar of Okawaru.
  3081 | D:5      | Reached XP level 7. HP: 63/66 MP: 7/7
  3088 | D:5      | Reached skill level 5 in Unarmed Combat
  3152 | D:5      | Found a broken altar of Ashenzari.
  3271 | D:5      | Got Lyrphir's Essays on Dark Glamour
  3363 | D:5      | Reached *** piety under Cheibriados
  3381 | D:5      | Reached skill level 3 in Fighting
  3501 | D:5      | Found a basalt altar of Yredelemnul.
  3507 | D:5      | Noticed Menkaure
  3529 | D:5      | Found an ancient bone altar of Kikubaaqudgha.
  3840 | D:6      | Noticed Edmund
  3939 | D:6      | Reached XP level 8. HP: 74/75 MP: 8/8
  3960 | D:6      | Reached skill level 6 in Unarmed Combat
  4330 | D:6      | Found a hide-covered altar of Uskayaw.
  4541 | D:6      | Killed Edmund
  4971 | D:7      | Found a runed translucent door.
  4972 | D:7      | Noticed Crazy Yiuf
  5008 | D:7      | Found an opulent altar of Gozag.
  5075 | D:7      | Noticed Joseph
  5089 | D:7      | Killed Joseph
  5090 | D:7      | Reached skill level 3 in Dodging
  5090 | D:7      | Reached XP level 9. HP: 64/84 MP: 8/10
  5217 | D:7      | Reached skill level 3 in Invocations
  5328 | D:7      | Reached skill level 7 in Unarmed Combat
  5478 | D:7      | Reached skill level 3 in Evocations
  5705 | D:7      | Killed Crazy Yiuf
  5705 | D:7      | Reached **** piety under Cheibriados
  6010 | D:8      | Reached skill level 8 in Unarmed Combat
  6092 | D:8      | Reached XP level 10. HP: 35/94 MP: 11/13
  6150 | D:8      | You fall into a shaft and drop 2 floors!
  6150 | D:10     | Entered Level 10 of the Dungeon
  6213 | D:10     | Found a runed translucent door.
  6218 | D:10     | Noticed pigah's ghost (journeyman OpSh)
  6519 | D:10     | Reached skill level 9 in Unarmed Combat
  6568 | D:10     | Reached skill level 6 in Invocations
  6569 | D:10     | Reached ***** piety under Cheibriados
  6867 | D:10     | Killed pigah's ghost
  6987 | D:9      | Noticed a deep elf pyromancer
  6993 | D:9      | Killed a deep elf pyromancer
  6994 | D:9      | Reached skill level 10 in Unarmed Combat
  7202 | D:9      | Reached skill level 6 in Fighting
  7272 | D:9      | Reached XP level 11. HP: 95/105 MP: 15/15
  7387 | D:9      | Noticed Pikel
  7401 | D:9      | Killed Pikel
  7486 | D:9      | Found a staircase to the Orcish Mines.
  7534 | D:9      | Slain by an orc warrior

Illustrated notes

Levels and vault maps discovered:
D:1:      dpeg_arrival_stone_temple_mockup, layout_basic, nicolae_titane
D:2:      layout_loops_ring, shapermc_ecumenical_altar_mp_vishouse, minivault_4
D:3:      layout_loops_ring, tso_metal_star
D:4:      kennysheep_big_flooded_room, layout_gridville,
          nicolae_dithmenos_the_darkroom, minmay_temple_entry_wispy,
          chequers_big_river
D:5:      layout_rooms, mainiacjoe_overflow_chevrons,
          gammafunk_temple_of_torment, evilmike_ruin_ashenzari,
          gammafunk_ghost_hive, hangedman_decor_lopped,
          serial_library_regret_index_headful
D:6:      layout_cave_pods, lemuel_doored_altar, uniq_edmund
D:7:      layout_loops_corners, lemuel_coloured_pillars_altar, nrook_uturn,
          minmay_misc_feat_diagonals, uniq_crazy_yiuf_cottage, uniq_joseph
D:8:      layout_basic, general_overflow_altar, grunt_qazlal_clouds,
          kennysheep_minor_cross
D:9:      layout_roguey, lair_entry_dummy,
          kennysheep_orc_monster_closet_entryway, uniq_pikel
D:10:     layout_roguey, hellmonk_ghost_big_iron
Temple:   nicolae_temple_godzebo

Skill      XL: |  1  2  3  4  5  6  7  8  9 10 11 |
---------------+----------------------------------+-----
Unarmed Combat | 1 2 3 4 5 6 8 10 | 10.7
Fighting       | 1 2 3 4 6 |  6.3
Throwing       | 1 2 3 4 5 |  5.0
Dodging        | 3 |  3.0
Invocations    | 2 5 7 8 |  8.1
Evocations     | 2 3 |  3.0
Short Blades   | |  0.7
Stealth        | |  1.5
Spellcasting   | |  1.2
Hexes          | |  2.0

Action                     |  1- 3 |  4- 6 |  7- 9 | 10-12 || total
---------------------------+-------+-------+-------+-------++-------
  Melee: Unarmed           |   110 |   116 |   169 |   156 ||   551
         Punch             |     2 |     3 |    12 |     7 ||    24
  Throw: Javelin           |       |     1 |     4 |     1 ||     6
         Boomerang         |       |       |       |    18 ||    18
  Evoke: Wand              |       |       |     1 |       ||     1
   Stab: Sleeping          |     5 |     4 |     7 |       ||    16
         Distracted        |       |       |       |     1 ||     1
 Armour: Robe              |    76 |    81 |   107 |   122 ||   386
  Dodge: Dodged            |    42 |    49 |    95 |    76 ||   262
  Block: Other             |       |    21 |    28 |    39 ||    88
         Reflection        |       |     2 |     4 |     1 ||     7
